AoeStats
← PannaCota5749

Fortress

509973301Analyzed
4v4 RM · 2d ago on Sep 28, 2026· 52m 21s· 8 players
Game mode
Random Map
Map size
Huge
Population
200
Speed
Normal
Resources
Standard
Victory
Conquest
Starting age
Dark Age
Ending age
Imperial Age
RankedLock teamsTeams togetherTeam positionsShared explorationLock speedFull tech treeHidden civsTurbo modeCheats
Victory
Defeat
🇧🇾 Lithuanians · Belarus
1156
+18
🇧🇷 Danes · Brazil
1134
+18
🇮🇹 Byzantines · Italy
1133
+18
🇹🇼 Franks · Taiwan
1121
+19
🇧🇾 Franks · Belarus
1259
-21
🇨🇴 Huns · Colombia
1187
-18
🇧🇾 Muisca · Belarus
1157
-17
🇨🇱 Huns · Chile
1149
-17
Xx_KeVIN_zZ
7:29 Feudal Age
12:26 Castle Age
11:10 Double-Bit Axe
15:44 Bow Saw
17:50 Horse Collar
19:29 Marauders
20:48 Gold Mining
21:02 Heavy Plow
22:47 Wheelbarrow
26:54 Imperial Age
24:42 Hand Cart
24:57 Scale Barding Armor
25:03 Forging
26:17 Chain Barding Armor
27:19 Elite Tarkan
28:20 Conscription
28:46 Plate Barding Armor
28:47 Iron Casting
29:51 Gold Shaft Mining
29:07 Stone Mining
29:06 Loom
29:07 Town Watch
33:25 Blast Furnace
31:52 Capped Ram
33:20 Cavalier
34:00 Husbandry
34:16 Siege Ram
36:45 Paladin
39:37 Fletching
39:48 Padded Archer Armor
Turmaliner
2:14 Loom
6:34 Feudal Age
7:40 Double-Bit Axe
9:00 Wheelbarrow
12:32 Castle Age
11:17 Scale Barding Armor
12:22 Gold Mining
16:55 Bow Saw
20:21 Gold Shaft Mining
21:21 Chain Barding Armor
21:18 Hand Cart
22:31 Husbandry
27:11 Imperial Age
25:40 Fortified Wall
25:26 Town Watch
25:56 Squires
26:10 Murder Holes
27:04 Forging
26:49 Stone Mining
27:40 Treadmill Crane
27:41 Cavalier
31:11 Chemistry
31:39 Conscription
31:19 Arrowslits
37:57 Ballistics
37:28 Fletching
38:14 Plate Barding Armor
37:03 Light Cavalry
37:50 Town Patrol
39:53 Paladin
41:38 Iron Casting
40:58 Bodkin Arrow
41:15 Masonry
42:16 Bodkin Arrow
43:22 Blast Furnace
44:07 Architecture
44:11 Chivalry
47:05 Elite Skirmisher
48:14 Elite Throwing Axeman
balas351
8:26 Feudal Age
12:25 Castle Age
10:20 Double-Bit Axe
10:18 Horse Collar
11:26 Scale Mail Armor
11:33 Gold Mining
12:36 Forging
19:25 Loom
20:56 Chain Mail Armor
21:33 Wheelbarrow
23:29 Squires
28:43 Iron Casting
32:35 Bow Saw
38:46 Gold Shaft Mining
38:02 Stone Mining
38:13 Heavy Plow
42:07 Imperial Age
42:27 Elite Temple Guard
45:11 Plate Mail Armor
49:15 Fletching
50:03 Hand Cart
50:38 Conscription
PannaCota5749
9:34 Feudal Age
10:12 Double-Bit Axe
13:20 Castle Age
12:09 Forging
11:54 Horse Collar
12:19 Gold Mining
13:07 Bloodlines
15:04 Scale Barding Armor
26:59 Imperial Age
24:56 Pikeman
25:36 Squires
25:44 Husbandry
26:49 Iron Casting
27:44 Halberdier
32:52 Gold Shaft Mining
31:48 Cavalier
33:49 Chain Barding Armor
35:23 Blast Furnace
LolloLove91
0:28 Loom
6:59 Feudal Age
7:57 Double-Bit Axe
14:40 Castle Age
13:36 Horse Collar
14:43 Scale Barding Armor
14:50 Forging
14:50 Scale Barding Armor
16:57 Chain Barding Armor
17:20 Husbandry
20:13 Wheelbarrow
27:57 Imperial Age
27:22 Iron Casting
26:42 Light Cavalry
33:46 Crossbowman
35:13 Heavy Camel Rider
43:28 Fortified Wall
43:00 Treadmill Crane
49:31 Plate Barding Armor
Artarum
7:41 Feudal Age
11:36 Castle Age
9:43 Double-Bit Axe
11:58 Wheelbarrow
26:06 Horse Collar
26:39 Bow Saw
26:22 Gold Mining
27:41 Fletching
30:47 Imperial Age
30:13 Man-at-Arms
30:38 Gambesons
31:09 Long Swordsman
33:50 Two-Handed Swordsman
34:31 Squires
34:52 Forging
34:42 Scale Mail Armor
35:53 Loom
36:35 Elite Skirmisher
37:21 Thumb Ring
36:37 Crossbowman
37:13 Bodkin Arrow
37:19 Padded Archer Armor
36:53 Pikeman
38:30 Cranequins
42:19 Ballistics
Wospenzukh
8:07 Feudal Age
12:15 Castle Age
11:15 Double-Bit Axe
11:15 Horse Collar
14:07 Loom
16:02 Bow Saw
17:07 Loom
19:53 Wheelbarrow
20:15 Fervor
20:38 Town Watch
21:56 Husbandry
24:21 Heavy Plow
26:16 Bloodlines
27:44 Hand Cart
30:24 Imperial Age
28:16 Scale Barding Armor
28:22 Forging
30:28 Chain Barding Armor
30:44 Iron Casting
31:59 Conscription
32:38 Gold Mining
32:39 Stone Mining
33:19 Light Cavalry
35:34 Winged Hussar
39:55 Elite Leitis
47:18 Crop Rotation
49:17 Two-Man Saw
49:44 Plate Barding Armor
萊姆王帥帥毛
0:46 Loom
8:57 Feudal Age
12:58 Castle Age
10:55 Double-Bit Axe
14:37 Bow Saw
16:48 Wheelbarrow
16:53 Stone Mining
31:57 Imperial Age
30:29 Arson
30:44 Squires
30:16 Ordonnance Companies
31:13 Scale Mail Armor
31:23 Forging
31:55 Gold Mining
32:48 Chain Mail Armor
33:25 Hoardings
34:26 Plate Mail Armor
34:32 Iron Casting
34:03 Elite Throwing Axeman
35:05 Conscription
39:08 Blast Furnace
38:14 Scale Barding Armor
37:59 Fletching
37:33 Cavalier
38:14 Husbandry
39:25 Chivalry
42:08 Paladin
44:54 Chain Barding Armor
46:02 Coinage
45:32 Caravan
50:22 Plate Barding Armor
49:42 Bodkin Arrow
49:48 Padded Archer Armor
53:02 Banking
Connection lost

Rejoining the realm…

Still unreachable

The connection could not be restored.

Session expired

The server has moved on; the page needs a fresh start.